[Event "AI Cup Div-2 2023"]
[Site "Online"]
[Date "2023.09.25"]
[Round "1.4"]
[White "Sarana, Alexey"]
[Black "Eljanov, Pavel"]
[Result "1-0"]
[ECO "B06"]
[WhiteElo "2693"]
[BlackElo "2695"]
[Annotator "TA"]
[PlyCount "75"]
[EventDate "2023.09.18"]
[EventType "k.o."]
[EventCountry "NET"]
[SourceTitle "playchess.com"]
[Source "ChessBase"]
[SourceQuality "1"]
[TimeControl "900+3"]

1. d4 g6 2. e4 Bg7 3. Nf3 d6 4. Bc4 e6 5. h4 h6 {[%emt 0:00:07] [#]} 6. Bb3 $146 {[%emt 0:00:07] B06: Modern Defence.} ({Predecessor:} 6. c3 Ne7 7. Nbd2 b6 8. Nf1 Bb7 9. Qe2 Nd7 10. Ng3 Nf6 11. Bd2 d5 12. Bb5+ c6 {1-0 Nakamura,H (2736)-Artemiev,V (2711) Chess.com Bullet op KO blitz 2020 (2.2)}) 6... Nf6 7. Qe2 Nc6 8. c3 {[%emt 0:00:04][%cal Oh4h5] The position is equal.} e5 9. d5 {[%emt 0:01:30] [#] And now Ba4 would win.} Nb8 10. Nbd2 Nbd7 11. Nc4 O-O 12. Bc2 a5 13. Be3 b5 14. Ncd2 b4 15. Nh2 Nh5 16. g3 bxc3 (16... Qe8 $1 $15) 17. bxc3 $11 Ba6 18. c4 Rb8 19. O-O (19. Ng4 $5) 19... Rb2 20. Bd3 ({White should try} 20. Nb3 $14) 20... Nc5 (20... f5 $1 $11 {remains equal.} 21. exf5 Qe8) 21. Bxc5 $16 dxc5 22. Rfb1 Rb6 23. Nb3 Nf4 24. gxf4 $18 exf4 25. Nxc5 Bxa1 26. Rxa1 Bc8 27. h5 (27. Nf3 $18) 27... Qh4 $2 (27... Re8 $1 $11) 28. Kh1 {[%emt 0:00:03] Black must now prevent Rg1.} gxh5 $2 (28... Re8 $16 {is tougher.}) 29. e5 Kh8 30. e6 fxe6 {[%emt 0:00:12] Black is weak on the light squares} 31. dxe6 {[%emt 0:00:38] Hoping for Rg1.} (31. Qe4 Qe7 32. dxe6 Rg8 $18) 31... Qf6 (31... Qe7 $142) 32. Rg1 $2 (32. Re1 $18 {is the precise move to win.}) 32... Bxe6 $16 33. Rg6 {[%emt 0:00:43] Prevents Rg8.} (33. Qxh5 Bf5 $14) 33... Qa1+ 34. Rg1 {[%emt 0:00:01] Some like it hot} Qf6 {[%emt 0:00:15] [#]} 35. Rg6 $2 $40 {[%emt 0:00:01][%mdl 128] White mounts an attack.} ({Don't take} 35. Qxh5 $6 Bf5 $14) ({White should play} 35. Ne4 $1 $18 Qf7 36. c5) 35... f3 $2 36. Qe3 ({Worse is} 36. Rxf6 fxe2 37. Rxf8+ Kg7 38. Bxe2 (38. Nxe6+ $2 Rxe6 39. Bxe2 Kxf8 $19) 38... Kxf8 $11) 36... Qf4 37. Rxh6+ Kg7 38. Nxe6+ {[%emt 0:00:03] Weighted Error Value: White=0.56/Black=0.63} 1-0

[Event "AI Cup Div-2 2023"]
[Site "Online"]
[Date "2023.09.25"]
[Round "1.4"]
[White "Niemann, Hans Moke"]
[Black "Duda, Jan-Krzysztof"]
[Result "0-1"]
[ECO "A23"]
[WhiteElo "2667"]
[BlackElo "2726"]
[Annotator "TA"]
[PlyCount "90"]
[EventDate "2023.09.18"]
[EventType "k.o."]
[EventCountry "NET"]
[SourceTitle "playchess.com"]
[Source "ChessBase"]
[SourceQuality "1"]
[TimeControl "900+3"]

1. c4 Nf6 2. g3 e5 3. Bg2 Bc5 4. Nc3 c6 5. e3 d5 6. cxd5 {[%emt 0:00:05] A23: English Opening: 1...e5 2 Nc3 Nf6 3 g3 c6.} cxd5 7. d4 exd4 8. exd4 {[%emt 0:00:01] White is slightly better.} Bb4 9. Nge2 O-O 10. O-O h6 {[%emt 0:00:22] Prevents Bg5} 11. Qb3 Bxc3 12. Nxc3 Nc6 13. Be3 ({Much worse is} 13. Bxd5 Nxd4 14. Qd1 Nxd5 $15) 13... Na5 14. Qb4 Nc6 {[%emt 0:00:20] [#]} 15. Qa3 $146 ({Predecessor:} 15. Qb5 a6 16. Qd3 b5 17. Rfc1 Ne7 18. h3 Bf5 19. Qd1 Qd7 20. Kh2 Bg6 21. Qb3 {1-0 Castillo,R (2067)-Trejos Vasquez,R NCA-chT final 2019 (4.3)}) 15... Bf5 16. h3 a5 17. b3 {[%emt 0:00:14] [#]} (17. Qb3 $11) 17... b5 18. Qb2 $11 Rc8 19. a3 Re8 20. Rfc1 b4 21. Ne2 Qd7 22. Kh2 Be4 23. axb4 axb4 24. Qd2 Bxg2 25. Kxg2 Ne4 26. Qd3 Ne7 $40 {[%emt 0:00:10][%mdl 128] Black attacks.} 27. f3 {[%emt 0:00:12] Rxc8 would be deadly.} Rxc1 28. Rxc1 Ng5 29. Ng1 Qf5 30. Qd2 Ra8 31. Bf2 Ng6 32. h4 Ne6 33. Ne2 Ra3 34. Qd1 (34. g4 $11 {keeps the balance.} Ngf4+ 35. Nxf4 Qxf4 36. Rc8+ Kh7 37. Qc2+ (37. Qxb4 Ra2 $15) (37. Be3 Qf6 $11) 37... g6 38. h5) 34... Ra2 $17 35. Be3 h5 {[%emt 0:00:11] Black has more active pieces.} 36. Rc8+ (36. Kf2 $17 {keeps fighting.}) 36... Kh7 37. Rb8 {[%emt 0:00:02] Dodges Nef4+} Ne7 {[%emt 0:01:12][%cal Bg6e7,Be7f5,Bf5g3][%mdl 32] Strongly threatening ...Qg6.} 38. Rxb4 {[%emt 0:00:13] [#]} (38. Rb7 $142 Nc6 39. Kf2) 38... Qg6 $1 $19 {[%emt 0:00:06] Threatens to win with ...Nf5.} 39. Kf1 Nf5 $1 40. Bf2 Rb2 {[%emt 0:00:00][%cal Of5h4] aiming for ...Nxh4!} 41. Rb8 $2 {[%emt 0:01:24] [#] Repels Nxh4} (41. Rb6 Rb1 42. Nc1) 41... Rb1 $3 42. Nc1 (42. Qxb1 Nxg3+) 42... Nxg3+ 43. Ke1 $2 (43. Bxg3 Qxg3 44. Qd3+ Qg6 45. Qxg6+ Kxg6 46. Rc8) 43... Nf4 {[%emt 0:00:13][%cal Ob1c1] ( -> ...Rxc1!)} 44. Be3 Nd3+ {[%emt 0:00:10] Excellent horsemanship.} 45. Kd2 Rxc1 {[%emt 0:00:04] An entertaining game by Duda.   Weighted Error Value: White=0.56/Black=0.20 (precise)} (45... Rb2+ $142 46. Qc2 Nf1+ {[%mdl 64] Deflection} 47. Kd1 Nxe3+ 48. Ke2 Rxc2+ 49. Kxe3 Qh6+ {[%mdl 64] Skewer} 50. f4 Qxf4+ 51. Kxd3 Qe4#) 0-1

[Event "AI Cup Div-2 2023"]
[Site "Online"]
[Date "2023.09.25"]
[Round "1.4"]
[White "Saric, Ivan"]
[Black "Dominguez Perez, Leinier"]
[Result "1/2-1/2"]
[ECO "D02"]
[WhiteElo "2647"]
[BlackElo "2745"]
[Annotator "TA"]
[PlyCount "124"]
[EventDate "2023.09.18"]
[EventType "k.o."]
[EventCountry "NET"]
[SourceTitle "playchess.com"]
[Source "ChessBase"]
[SourceQuality "1"]
[TimeControl "900+3"]

1. d4 Nf6 2. Nf3 d5 3. c3 e6 4. Bg5 h6 5. Bh4 g5 6. Bg3 {[%emt 0:00:01] D02: 1 d4 d5 2 Nf3 sidelines, including 2...Nf6 3 g3 and 2...Nf6 3 Bf4.} Ne4 $1 {[%emt 0:00:00] Strongly threatening ...h5.} 7. Nfd2 Nxg3 8. hxg3 {[%emt 0:00:00] Black has an edge.} c5 9. e3 Nc6 10. Bd3 {[%emt 0:00:24] [#]} Bd7 $146 (10... Qb6 $5 11. Qb3 Bd7 $15) ({Predecessor:} 10... Qb6 11. Qc1 Bd7 12. dxc5 Qxc5 13. Nb3 Qe7 14. Na3 Bg7 15. Qd2 Rc8 16. e4 d4 {0-1 Hebden,M (2453)-Kuzubov,Y (2642) Titled Tuesday intern op 15st Dec blitz 2020 (6)}) 11. dxc5 Bxc5 12. Nb3 Be7 13. N1d2 Qc7 14. Rc1 Ne5 15. Be2 b5 (15... O-O-O $15 {is superior.}) 16. Nd4 $11 Nc4 17. b3 Nxd2 18. Qxd2 Qb6 19. Qd3 a6 20. e4 dxe4 21. Qxe4 Rc8 22. O-O O-O 23. g4 {[%emt 0:00:32] [#] Hoping for Bd3.} (23. Bd3 $5 f5 24. Qe3 $11) 23... Bc6 24. Qb1 (24. Nxc6 $11 Qxc6 25. Qxc6 Rxc6 26. Rfd1) 24... Bf6 ({Better is} 24... Bd5 $17) 25. Nxc6 Rxc6 26. Qe4 Rd8 27. c4 ({Of course not} 27. Bd3 Rxc3 28. Rxc3 (28. Qh7+ Kf8 $17) 28... Bxc3 $17) (27. Qf3 $5 Kg7 28. Rc2 $11) 27... Rd4 28. Qe3 b4 29. g3 {[%emt 0:00:11] White is weak on the dark squares} Qc5 30. Kg2 Rd8 31. Qxc5 Rxc5 32. Rcd1 {[%emt 0:00:10] Repels Rd2} Kf8 33. Rxd8+ Bxd8 {[%emt 0:00:01][%mdl 4096] Endgame KRB-KRB} 34. Rd1 Ke7 35. Bf3 Bb6 36. Bb7 Rc7 37. Be4 Rd7 38. Rc1 Bc5 39. Rc2 Rd4 40. Re2 a5 41. f4 Rd1 42. f5 Kf6 43. fxe6 fxe6 44. Bb7 Rg1+ 45. Kh2 Rf1 46. Kg2 Rg1+ 47. Kh3 Rf1 48. Bc8 {[%emt 0:00:07] The position is equal.} e5 49. Kg2 Rd1 50. Bb7 Bd4 51. Kf3 Bc5 52. Rh2 Rd3+ 53. Ke2 Rxg3 {[%emt 0:00:10] And now ...e4 would win.} 54. Rxh6+ Ke7 55. Ra6 e4 56. Rxa5 Rg2+ 57. Kf1 Rg1+ 58. Ke2 Rg2+ 59. Kd1 Rg1+ 60. Kd2 Rg2+ 61. Ke1 Rg1+ 62. Ke2 Rg2+ {[%emt 0:00:01] Weighted Error Value: White=0.05 (flawless) /Black=0.06 (flawless)} 1/2-1/2

[Event "AI Cup Div-2 2023"]
[Site "Online"]
[Date "2023.09.25"]
[Round "1.4"]
[White "Kuzubov, Yuriy"]
[Black "Fedoseev, Vladimir"]
[Result "0-1"]
[ECO "B06"]
[WhiteElo "2625"]
[BlackElo "2683"]
[Annotator "TA"]
[PlyCount "72"]
[EventDate "2023.09.18"]
[EventType "k.o."]
[EventCountry "NET"]
[SourceTitle "playchess.com"]
[Source "ChessBase"]
[SourceQuality "1"]
[TimeControl "900+3"]

1. d4 g6 2. e4 d6 3. Bd3 Bg7 4. Nf3 Nd7 5. O-O b6 6. a4 {[%emt 0:00:42] B06: Modern Defence.} a6 7. Re1 Bb7 {[%emt 0:00:05] [#]} 8. Bf4 $146 {[%emt 0:01:17] White is slightly better.} ({Predecessor:} 8. a5 b5 9. c4 bxc4 10. Bxc4 e6 11. Ra3 Ne7 12. Rb3 Rb8 13. Qe2 O-O 14. Bg5 {½-½ Hamdouchi,H (2562)-Adly,A (2636) Africa-chT rapid 2019 (4.1)}) 8... Ngf6 9. h3 O-O 10. Nbd2 Re8 11. e5 Nd5 12. Bg3 dxe5 13. dxe5 Nc5 14. Bc4 e6 15. Bh4 Qd7 16. Bf1 Nb4 17. Bg5 (17. Qb1 $11 {remains equal.}) 17... h6 $17 {[%emt 0:00:59] Black is much more active.} (17... Nxa4 18. c3 Nd3 19. Qxa4 $11 (19. Bxd3 $2 Nxb2 20. Qb1 Nxd3 $19)) 18. Be3 Bxf3 19. gxf3 Nxa4 (19... Bxe5 $2 20. Bxc5 (20. Bxh6 Bxb2 21. Rb1 Qd4 $17) 20... bxc5 21. Rxe5 $18) 20. c3 Nxb2 21. Qb3 N4d3 22. Reb1 Bxe5 23. Rxb2 Nxb2 24. Qxb2 Bg7 25. h4 (25. Rxa6 $17 Rxa6 26. Bxa6) 25... Red8 (25... Qe7 $19 26. Bxa6 Red8) 26. f4 e5 (26... a5 $17 27. Nc4 Qe7) 27. fxe5 $1 $15 Bxe5 28. Bg2 Qg4 29. h5 (29. Qc2 $15) 29... g5 (29... gxh5 30. Qc2) (29... Rd6 $19 {and Black stays clearly on top. aiming for ...Rad8.} 30. Qb4 Qxb4 31. cxb4 Bxa1 32. Bxa8 gxh5) 30. Nf3 $17 Bg7 {[%emt 0:00:12] ...Rd6 would be deadly.} 31. Nh2 $2 {[%emt 0:00:07] [#]} (31. Qc2 $15) 31... Rd1+ $19 ({Inferior is} 31... Qxh5 32. Bxa8 Rxa8 33. Bd4 $15) 32. Rxd1 Qxd1+ 33. Nf1 Re8 34. Qa2 Bxc3 {[%emt 0:00:09] Threatens to win with ...a5.} 35. Qxa6 Bd4 ({Not} 35... Qxh5 36. Qb5 Re6 37. Qd7) (35... Be5 $19 36. Qb5 Re6) 36. Qa4 $2 {[%emt 0:00:02][%mdl 8192] [#]} Qxa4 {[%emt 0:00:03] Weighted Error Value: White=0.42/Black=0.28 (precise)} 0-1

[Event "AI Cup Div-2 2023"]
[Site "Online"]
[Date "2023.09.25"]
[Round "1.4"]
[White "Antipov, Mikhail Al."]
[Black "Andreikin, Dmitry"]
[Result "1/2-1/2"]
[ECO "C09"]
[WhiteElo "2600"]
[BlackElo "2729"]
[Annotator "TA"]
[PlyCount "170"]
[EventDate "2023.09.18"]
[EventType "k.o."]
[EventCountry "NET"]
[SourceTitle "playchess.com"]
[Source "ChessBase"]
[SourceQuality "1"]
[TimeControl "900+3"]

1. e4 e6 2. d4 d5 3. Nd2 c5 4. Ngf3 Nc6 5. exd5 exd5 6. Bb5 Bd6 7. O-O Nge7 8. dxc5 Bxc5 9. Nb3 Bb6 10. Nfd4 {[%emt 0:01:19] C09: French Tarrasch: 3...c5 4 exd5 exd5 5 Ngf3 Nc6.} O-O 11. Be3 {[%emt 0:00:02] [#]} Qd6 $146 ({Predecessor:} 11... Nxd4 12. Nxd4 Nf5 13. Nxf5 Bxf5 14. Bxb6 Qxb6 15. Bd3 Bxd3 16. Qxd3 Qxb2 17. Qxd5 Rad8 18. Qb3 Qxb3 19. axb3 a6 {½-½ Casares Ripoll,F (2103)-Martin Garcia,L (1834) Madrid-ch Seniors 65 2020 (8)}) 12. Bd3 {[%emt 0:00:59] White has an edge.} Nxd4 13. Nxd4 Qf6 (13... Nc6 {seems wilder.} 14. Nb5 Qd8 15. Qf3 Bxe3 16. fxe3 a6) 14. c3 ({But not} 14. Qh5 g6 15. Qe2 Bxd4 $15) 14... Nc6 15. Re1 Nxd4 16. Bxd4 Bxd4 17. cxd4 Bf5 18. Bxf5 Qxf5 19. Re5 Qd7 20. Qb3 Rad8 21. Rae1 Rfe8 {[%emt 0:03:05] [#]} 22. Qxd5 $1 {[%emt 0:00:19][%mdl 64] Deflection, Back Rank} Rxe5 23. Qxe5 $11 {[%emt 0:00:00][%mdl 4096] Endgame KQR-KQR} h6 24. Re4 f5 25. Re2 Qxd4 26. Qe6+ Kh8 27. h3 Qf4 28. Qb3 Qc1+ 29. Kh2 Qc7+ 30. Qg3 Rd7 31. Re5 Rf7 32. h4 Kh7 33. h5 Rf6 34. f4 Qf7 35. Qf3 Qxa2 36. Qxb7 {[%emt 0:00:10] Hoping for Re7.} Qf7 37. Qf3 Rb6 38. b3 Rxb3 $15 ({Of course not} 38... Qxb3 39. Qxb3 Rxb3 40. Rxf5 $11) 39. Qe2 Qf6 (39... Ra3 $17) 40. g3 $2 (40. Qc2 $1 $11 {and White has nothing to worry.} Qh4+ 41. Kg1 Qxf4 42. Rxf5 Qe3+ 43. Rf2+ Qd3 44. Qxd3+ Rxd3 45. Ra2) 40... Qb6 (40... Qc6 $1 $19 {and Black stays clearly on top. Strongly threatening ...Qc3.} 41. Re3 Rb1) 41. Kh3 $17 Qg1 (41... Qc7 $17) 42. Qg2 $2 {[%emt 0:00:01][%mdl 8192] [#]} (42. Qe1 $11 Qxe1 43. Rxe1) 42... Qxg2+ $2 (42... Qb1 $1 $19 43. Kh4 a6) 43. Kxg2 $19 {[%emt 0:00:00] KR-KR} Rb2+ 44. Kh3 g5 $2 {[%emt 0:00:07][%mdl 8192] [#]} (44... a6 $11) 45. fxg5 $1 $18 ({Stronger than} 45. Rxf5 gxf4 46. Rxf4 Rb5 $11) 45... hxg5 46. Rxf5 Kh6 47. g4 $2 (47. Rf6+ $18 Kh7 48. Kg4) 47... Rb3+ {[%emt 0:00:05] The position is equal.} 48. Kg2 Rb2+ 49. Kf3 Rb3+ 50. Kf2 Rb2+ 51. Ke3 Rb3+ 52. Kf2 Rb2+ 53. Kg3 a5 54. Rf6+ (54. Rxa5 $5 Rb3+ $8 55. Kg2 Rb2+ 56. Kg3 Rb3+ 57. Kh2 Rb2+ 58. Kh3 Rb3+ 59. Kh2 Rb2+ 60. Kh3 Rb3+ 61. Kh2 $11) 54... Kh7 55. Ra6 Rb3+ 56. Kf2 Rb4 57. Kf3 a4 58. Ra5 Kh6 59. Ra7 Rf4+ 60. Kg3 Rb4 61. Ra6+ Kh7 62. Rg6 Rb5 63. Ra6 {[%emt 0:00:02] Against Ra5} Rb3+ 64. Kf2 Rb4 65. Kf3 Rf4+ 66. Kg3 Rb4 67. Ra8 Rb3+ 68. Kf2 a3 69. Ra4 Rb2+ 70. Kf3 a2 71. Ra6 Rc2 72. Ra7+ Kh6 73. Ra6+ Kh7 74. Ra8 Rb2 75. Ra5 Kh6 76. Ra7 Rc2 77. Ke4 Rc4+ 78. Kf3 Rc3+ 79. Kf2 Rc4 80. Kf3 Rc3+ 81. Kg2 Rc2+ 82. Kg3 Rc3+ 83. Kf2 Rc4 84. Ra6+ Kh7 85. Kf3 Rc2 {[%emt 0:00:03] Weighted Error Value: White=0.38/Black=0.24 (precise)} 1/2-1/2

[Event "AI Cup Div-2 2023"]
[Site "Online"]
[Date "2023.09.26"]
[Round "2.1"]
[White "Caruana, Fabiano"]
[Black "Sarana, Alexey"]
[Result "1-0"]
[ECO "E05"]
[WhiteElo "2786"]
[BlackElo "2693"]
[Annotator "TA"]
[PlyCount "107"]
[EventDate "2023.09.18"]
[EventType "k.o."]
[EventCountry "NET"]
[SourceTitle "playchess.com"]
[Source "ChessBase"]
[SourceQuality "1"]
[TimeControl "900+3"]

1. Nf3 d5 2. c4 e6 3. g3 Nf6 4. Bg2 Be7 5. O-O O-O 6. d4 dxc4 7. Qc2 a6 8. a4 Bd7 9. Qxc4 b5 {[%emt 0:00:05] E05: Open Catalan: 5 Nf3 Be7.} 10. Qc2 Nc6 11. Bd2 {[%emt 0:00:14] [#]} Nd5 $146 {[%emt 0:00:03] White has an edge.} ({Predecessor:} 11... Nb4 12. Bxb4 Bxb4 13. Ne5 Rb8 14. axb5 Bxb5 15. Rd1 c5 16. Nc3 cxd4 17. Nxb5 Rxb5 {0-1 Chigaev,M (2617)-Sarana,A (2685) Singapore Olympic Esports Final blitz 2023 (2.2)}) 12. Nc3 Ncb4 13. Qc1 bxa4 14. Nxa4 Bb5 15. Re1 (15. Nc3 $5 ) 15... a5 16. Nc5 c6 17. Ne5 Qc7 18. h4 Rfd8 19. Ra3 Bf6 {[%emt 0:00:51] [#]} (19... Nb6 $11 {remains equal.}) 20. Bg5 $1 $16 {[%emt 0:00:43] White is much more active. White now steadily converts the win.} Qe7 21. e4 Nb6 (21... Nc7 $16 {was worth a try.}) 22. Rf3 {[%emt 0:03:16] Bxf6 is the strong threat.} Rxd4 {[%emt 0:00:12] [#]} (22... Na2 {was called for.} 23. Qf4 Bxg5 24. hxg5 Nc4 25. Qxf7+ (25. Nxf7 Rf8 $14) 25... Qxf7 26. Nxf7 Rf8) 23. Bxf6 $1 $18 gxf6 24. Ng4 f5 (24... N6d5 25. Nh6+ Kh8) 25. Nh6+ Kh8 26. Qc3 (26. exf5 $18 {has better winning chances.} Rc4 27. Qd2) 26... Rad8 $2 (26... f6 $16 27. b3 (27. Qxd4 Nc2 $14) 27... Nd7 28. Qxd4 Nxc5) 27. exf5 e5 {[%emt 0:00:00] [#]} 28. Rxe5 $3 {[%emt 0:00:45][%mdl 576] Decoy} Qf6 {[%emt 0:01:26] [#]} 29. Ne6 $1 {[%emt 0:01:15][%mdl 576] Double Attack} Na4 (29... Rd1+ 30. Kh2) 30. Nxf7+ (30. Nxd4 $2 Nxc3 31. bxc3 Qxh6 $19) 30... Kg8 31. Qe3 ({Less strong is} 31. Nfxd8 Nxc3 32. Nxd4 Ne2+ 33. Nxe2 (33. Rxe2 Bxe2 34. Nxe2 Qxd8 $14) 33... Qxe5 $16) ({Worse is} 31. Qxd4 Rxd4 32. Nxd4 Kxf7 $11) 31... Kxf7 32. Nxd4 (32. Nxd8+ $142 Rxd8 33. Re6 Qd4 34. Re7+ Kf8 35. Re8+ {[%mdl 64] Deflection} Rxe8 36. Qxd4 Nd5 37. Qh8+ Ke7 38. f6+ Kd8 39. Qg7 Re1+ 40. Kh2) 32... Nd5 33. Qe1 Nxb2 34. Nxb5 cxb5 35. Rb3 Nb4 36. Rxb2 {[%emt 0:00:19] Threatening mate with Rbe2.} Nd3 37. Qxa5 {[%emt 0:00:01] Intending Qc7+ and mate.} Nxe5 38. Be4 Ng4 (38... Nc4 $142 39. Qa7+ (39. Qxb5 $2 {is the wrong capture.} Nxb2 40. Bc2 Kg7 $19) 39... Qe7 40. Qxe7+ Kxe7) 39. Qxb5 Qd4 40. Bf3 Ne5 41. Be2 Rd7 42. Qb3+ Kg7 43. Rc2 {[%emt 0:00:02] Black must now prevent Qe6.} Qe4 44. Qc3 {[%emt 0:00:05] And now f4 would win.} Kf7 45. Qb3+ Kg7 46. Qc3 Kf7 $1 47. Rb2 {[%emt 0:00:03] aiming for f4.} Ra7 48. Bh5+ {[%emt 0:00:02] White mates.} Kg7 49. Re2 Qb1+ 50. Kh2 Ra1 51. Qxe5+ Kh6 52. Bf3 Qg1+ 53. Kh3 Qf1+ 54. Bg2 {[%emt 0:00:02] Beautiful play by Caruana!   Weighted Error Value: White=0.49/Black=0.85} 1-0

[Event "AI Cup Div-2 2023"]
[Site "Online"]
[Date "2023.09.26"]
[Round "2.1"]
[White "Andreikin, Dmitry"]
[Black "Dominguez Perez, Leinier"]
[Result "1/2-1/2"]
[ECO "A36"]
[WhiteElo "2729"]
[BlackElo "2745"]
[Annotator "TA"]
[PlyCount "61"]
[EventDate "2023.09.18"]
[EventType "k.o."]
[EventCountry "NET"]
[SourceTitle "playchess.com"]
[Source "ChessBase"]
[SourceQuality "1"]
[TimeControl "900+3"]

1. c4 c5 2. g3 g6 3. Bg2 Bg7 4. Nc3 Nc6 5. Nf3 e6 6. O-O Nge7 7. e3 O-O 8. d4 cxd4 9. Nxd4 d5 10. cxd5 Nxd5 11. h4 {[%emt 0:03:04] A36: Symmetrical English vs ...g6: 4 Bg2 Bg7.} h5 {[%emt 0:02:27] [#]} 12. Qb3 $146 ({Predecessor:} 12. Nxd5 exd5 13. Qb3 a5 14. a4 Nxd4 15. exd4 Ra6 16. Be3 Be6 17. Qb5 Qb6 18. Bxd5 Bxd5 19. Qxd5 Rd8 20. Qe4 Bxd4 21. Rad1 Bxe3 22. Qxe3 Qf6 23. Rxd8+ {½-½ Darmanto,H (2237)-Prakash,O (2425) Afroasian-ch20 sf-C email 2020}) 12... Qb6 13. Bxd5 exd5 14. Qxb6 axb6 15. Nxd5 {[%emt 0:00:01] Excellent horsemanship.} Bh3 16. Re1 Bxd4 17. exd4 Nxd4 {[%emt 0:00:00] [#] aiming for ...Nf3+.} 18. Rd1 Nb3 19. Bh6 Nxa1 20. Bxf8 Kxf8 21. Rxa1 $11 {[%emt 0:00:02][%mdl 4096] Endgame KRB-KRN} b5 22. Nc7 Ra5 23. b4 Ra4 24. a3 Bd7 25. Nd5 {[%emt 0:00:05] [#] Hoping for Nb6.} Bc6 26. Nc3 Ra8 27. f4 (27. Kf1 $11 {remains equal.}) 27... Rd8 28. Rd1 {[%emt 0:00:03] Repels Rd2} Ra8 29. Ra1 Rd8 30. Rd1 {[%emt 0:00:08] Repels Rd2} Ra8 31. Ra1 {[%emt 0:00:11] An uneventful encounter.   Weighted Error Value: White=0.08 (flawless) /Black=0.09 (flawless)} 1/2-1/2

[Event "AI Cup Div-2 2023"]
[Site "Online"]
[Date "2023.09.26"]
[Round "2.1"]
[White "Duda, Jan-Krzysztof"]
[Black "Artemiev, Vladislav"]
[Result "1/2-1/2"]
[ECO "C54"]
[WhiteElo "2726"]
[BlackElo "2697"]
[Annotator "TA"]
[PlyCount "125"]
[EventDate "2023.09.18"]
[EventType "k.o."]
[EventCountry "NET"]
[SourceTitle "playchess.com"]
[Source "ChessBase"]
[SourceQuality "1"]
[TimeControl "900+3"]

1. e4 e5 2. Nf3 Nc6 3. Bc4 Bc5 4. O-O Nf6 5. d3 h6 6. c3 d6 {[%emt 0:00:03] 6...d6 scores better than 6...0-0.} 7. Re1 (7. b4 $5 Bb6 $8 8. a4 $11) 7... O-O {[%emt 0:00:56] C54: Giuoco Piano: 4 c3 Nf6, main lines with 5 d4 and 5 d3.} 8. Nbd2 Bb6 9. a4 a5 10. Nf1 Ne7 {[%emt 0:02:03] [#]} 11. d4 $146 ({Predecessor:} 11. Ng3 Ng6 12. h3 c6 13. Bb3 d5 14. exd5 Nxd5 15. Nh5 Re8 16. Qd2 Bf5 17. Nxg7 Kxg7 18. Qxh6+ {1-0 Chigaev,M (2588)-Nakamura,H (2736) Titled Tuesday intern op 29th Sept blitz 2020 (6)}) 11... Ng6 12. Be3 exd4 13. Bxd4 Bxd4 14. Qxd4 Re8 15. h3 Ne5 16. Nxe5 dxe5 17. Qe3 Be6 18. Red1 Qe7 19. Bxe6 Qxe6 20. Ng3 Qc6 21. f3 Kh7 22. Nf5 Rad8 23. Rd2 Rd7 24. b4 Red8 25. Rxd7 Rxd7 26. bxa5 Nh5 27. Kh2 Nf4 28. Qe1 Rd3 (28... Qc5 $15) 29. Rd1 ({Wrong is} 29. Qg3 $2 g6 30. Ne7 Qxc3 $19) (29. Ne3 {simplifies} Qxc3 30. Qxc3 Rxc3 31. Nd5) 29... Rxc3 30. Ne7 $1 Qc5 31. Nd5 $1 Rc2 32. Nxf4 exf4 $40 {[%emt 0:00:00][%mdl 4224] Endgame KQR-KQR. Black is up to no good.} 33. e5 Qe3 34. Qxe3 fxe3 {[%emt 0:00:02] KR-KR} 35. Re1 e2 36. f4 Ra2 37. g4 Rxa4 (37... g6 $15) 38. Rxe2 $11 Rxa5 39. f5 (39. Rd2 $1 $11) 39... Kg8 $17 40. e6 (40. Rb2 $142) 40... fxe6 ({Black should try} 40... Kf8 {Strongly threatening ...c5.} 41. Rc2 c5 42. exf7 Kxf7) 41. fxe6 {[%emt 0:00:00] [#] aiming for e7.} Kf8 {[%emt 0:00:07] White must now prevent ...Ke7.} 42. Rf2+ Ke8 {[%emt 0:00:01] Hoping for ...Rc5.} 43. Rf7 Rc5 44. Rxg7 b5 45. h4 b4 46. Kg3 $1 b3 {[%emt 0:00:07] [#] Threatens to win with ...c6.} 47. Rg8+ Ke7 48. Rb8 {[%emt 0:00:00] The position is equal.} Rc3+ 49. Kf4 Kxe6 {[%emt 0:00:00] ...c5 is the strong threat.} 50. g5 $1 hxg5+ 51. hxg5 Kf7 52. Kf5 Rf3+ 53. Ke4 Rg3 54. Rb7 Rxg5 55. Rxc7+ Ke6 56. Rc6+ Kd7 57. Rb6 Rg3 {[%emt 0:00:00] And now ...Kc7 would win.} 58. Kd5 Kc7 59. Rb4 Rc3 60. Kd4 Rh3 {[%emt 0:00:00] ( -> ...Rh4+)} 61. Kc4 Kc6 62. Rxb3 Rxb3 63. Kxb3 {[%emt 0:00:00] Weighted Error Value: White=0.07 (flawless) /Black=0.07 (flawless)} 1/2-1/2